 Dungeon Crawl Stone Soup version 0.23-a0-26-g9187234747 (webtiles) character file.

1555152 Flugkiller the Impregnable (level 27, 190/213 HPs)
             Began as a Halfling Hunter on Aug 3, 2018.
             Was the Champion of Okawaru.
             Escaped with the Orb
             ... and 3 runes!
             The game lasted 02:42:08 (82809 turns).

Flugkiller the Impregnable (Halfling Hunter)       Turns: 82809, Time: 02:42:08

Health: 190/213    AC: 46    Str: 23      XL:     27
Magic:  29/29      EV: 29    Int:  9      God:    Okawaru [******]
Gold:   3090       SH:  9    Dex: 21 (22) Spells: 26/26 levels left

rFire    + . .     SeeInvis +   a - +9 fustibalus (freeze)
rCold    + . .     Gourm    .   U - +1 buckler {reflect}
rNeg     . . .     Faith    .   T - +13 chain mail of the Fife {+Blink rF+ Str+4}
rPois    .         Spirit   +   I - +2 helmet {SInv}
rElec    .         Reflect  +   (no cloak)
rCorr    .         Harm     .   y - +0 pair of gloves "Evirghili" {Slay+5}
MR       ++...                  e - +2 pair of boots
Stlth    ..........             v - amulet of guardian spirit
HPRegen  0.45/turn              L - ring of protection from cold
MPRegen  0.21/turn              w - +5 ring of protection

@: drained
A: small, thin metallic scales 1, deterioration 1, mutation resistance 1
0: Orb of Zot
}: 3/15 runes: barnacled, abyssal, gossamer
a: Heroism, Finesse, Renounce Religion, Evoke Blink


You escaped.
You worshipped Okawaru.
Okawaru was exalted by your worship.
You were not hungry.

You visited 9 branches of the dungeon, and saw 46 of its levels.
You visited the Abyss 1 time.
You visited 2 bazaars.
You also visited: Wizlab.

You collected 4829 gold pieces.
You spent 1739 gold pieces at shops.

Inventory:

Hand Weapons
 a - a +9 fustibalus of freezing (weapon)
 b - a +3 scimitar of electrocution
Missiles
 d - 122 sling bullets (quivered)
 i - 998 stones
Armour
 e - a +2 pair of boots (worn)
 y - the +0 pair of gloves "Evirghili" (worn) {Slay+5}
   (Okawaru gifted it to you on level 13 of the Dungeon)

   It affects your accuracy and damage with ranged weapons and melee attacks
   (+5).
 I - a +2 helmet of see invisible (worn)
 S - a +2 buckler of fire resistance
 T - the +13 chain mail of the Fife (worn) {+Blink rF+ Str+4}
   (You found it on level 6 of the Lair of Beasts)

   It affects your strength (+4).
   It protects you from fire.
   It lets you blink.
 U - a +1 buckler of reflection (worn)
 X - a scarf of resistance
Jewellery
 o - a +1 ring of evasion
 v - an amulet of guardian spirit (around neck)
 w - a +5 ring of protection (right hand)
 B - an uncursed ring of protection from fire
 F - an uncursed ring of protection from magic
 L - a ring of protection from cold (left hand)
Wands
 l - a wand of acid (27)
 C - a wand of disintegration (20)
 E - a wand of digging (23)
 O - a wand of iceblast (34)
 P - a wand of clouds (13)
 Q - a wand of enslavement (25)
 V - a wand of paralysis (46)
Scrolls
 g - 4 scrolls of summoning
 j - 17 scrolls of teleportation
 k - 2 scrolls of magic mapping
 n - 11 scrolls of remove curse
 r - 7 scrolls of fear
 D - 8 scrolls of amnesia
 G - 3 scrolls of fog
 M - 2 scrolls of enchant armour
 N - 4 scrolls of identify
 Y - 2 scrolls of blinking
 Z - 3 scrolls of silence
Potions
 c - 2 potions of flight
 h - 3 potions of heal wounds
 m - 6 potions of haste
 q - 4 potions of berserk rage
 s - 5 potions of curing
 t - 6 potions of agility
 u - 7 potions of brilliance
 z - 2 potions of invisibility
 A - 3 potions of resistance
 J - 6 potions of might
 K - 2 potions of ambrosia
 W - 6 potions of cancellation
Miscellaneous
 H - a fan of gales
Comestibles
 f - 50 rations


   Skills:
 * Level 23.7(22.2) Fighting
 - Level 16.0(14.6) Long Blades
 - Level 14.0(12.7) Slings
 + Level 24.8(23.2) Armour
 + Level 23.6(22.1) Dodging
 - Level 1.1(0.2) Stealth
 - Level 8.1(7.0) Shields
 - Level 8.4(7.3) Invocations
 - Level 8.0(6.9) Evocations


You had 26 spell levels left.
You didn't know any spells.
Your spell library contained the following spells:

 Spells                   Type           Power        Failure   Level  Hunger
 Cause Fear               Hex            #.........   100%        4    #####..
 Magic Dart               Conj           #...         75%         1    ##.....
 Apportation              Tloc           #.....       75%         1    ##.....
 Conjure Flame            Conj/Fire      #.......     98%         3    ####...
 Lightning Bolt           Conj/Air       #.........   100%        5    ######.
 Slow                     Hex            #.......     87%         2    ###....
 Invisibility             Hex            #.......     100%        6    #######
 Throw Frost              Conj/Ice       #.....       87%         2    ###....
 Freezing Cloud           Conj/Ice/Air   #.........   100%        6    #######
 Mephitic Cloud           Conj/Pois/Air  #.......     98%         3    ####...
 Ring of Flames           Chrm/Fire      #.........   100%        7    #######
 Venom Bolt               Conj/Pois      #.........   100%        5    ######.
 Olgreb's Toxic Radiance  Pois           #.......     100%        4    #####..
 Summon Small Mammal      Summ           #...         75%         1    ##.....
 Blink                    Tloc           N/A          87%         2    ###....
 Iskenderun's Mystic Bla  Conj           #.......     100%        4    #####..
 Animate Dead             Necr           N/A          100%        4    #####..
 Pain                     Necr           #...         75%         1    ##.....
 Animate Skeleton         Necr           N/A          75%         1    ##.....
 Vampiric Draining        Necr           #.........   98%         3    ####...
 Freeze                   Ice            #...         75%         1    ##.....
 Sticky Flame             Conj/Fire      #.......     100%        4    #####..
 Summon Ice Beast         Ice/Summ       #.......     100%        4    #####..
 Ozocubu's Armour         Chrm/Ice       #.......     98%         3    ####...
 Call Imp                 Summ           #.......     87%         2    ###....
 Regeneration             Chrm/Necr      #.........   98%         3    ####...
 Sting                    Conj/Pois      #...         75%         1    ##.....
 Tukima's Dance           Hex            #.......     98%         3    ####...
 Stone Arrow              Conj/Erth      #.....       98%         3    ####...
 Shock                    Conj/Air       #...         75%         1    ##.....
 Swiftness                Chrm/Air       #.......     87%         2    ###....
 Recall                   Summ/Tloc      N/A          98%         3    ####...
 Death Channel            Necr           #.........   100%        6    #######
 Deflect Missiles         Chrm/Air       #.........   100%        6    #######
 Throw Icicle             Conj/Ice       #.......     100%        4    #####..
 Airstrike                Air            #.........   100%        4    #####..
 Shadow Creatures         Summ           N/A          100%        6    #######
 Confusing Touch          Hex            #.....       75%         1    ##.....
 Passwall                 Tmut/Erth      #.......     87%         2    ###....
 Call Canine Familiar     Summ           #.......     98%         3    ####...
 Ensorcelled Hibernation  Hex/Ice        #.....       87%         2    ###....
 Summon Butterflies       Summ           #.......     75%         1    ##.....
 Silence                  Hex/Air        #.........   100%        5    ######.
 Shatter                  Erth           #.........   100%        9    #######
 Static Discharge         Conj/Air       #.......     98%         3    ####...
 Corona                   Hex            #......      75%         1    ##.....
 Alistair's Intoxication  Tmut/Pois      #.......     100%        5    ######.
 Lee's Rapid Deconstruct  Erth           #.........   100%        5    ######.
 Sandblast                Erth           #.....       75%         1    ##.....
 Simulacrum               Ice/Necr       #.........   100%        6    #######
 Conjure Ball Lightning   Conj/Air       #.........   100%        6    #######
 Portal Projectile        Hex/Tloc       #.....       98%         3    ####...
 Petrify                  Tmut/Erth      #.......     100%        4    #####..
 Tornado                  Air            #.........   100%        9    #######
 Leda's Liquefaction      Hex/Erth       #.........   100%        4    #####..
 Darkness                 Hex            #.........   100%        6    #######
 Inner Flame              Hex/Fire       #.......     98%         3    ####...
 Iskenderun's Battlesphe  Conj/Chrm      #.......     100%        5    ######.
 Fulminant Prism          Conj/Hex       #.........   100%        4    #####..
 Dazzling Spray           Conj/Hex       #.....       98%         3    ####...
 Force Lance              Conj/Tloc      #.......     100%        4    #####..
 Searing Ray              Conj           #.....       87%         2    ###....
 Summon Lightning Spire   Summ/Air       #.......     100%        4    #####..
 Summon Guardian Golem    Hex/Summ       #.......     98%         3    ####...
 Irradiate                Conj/Tmut      #.........   100%        5    ######.
 Lesser Beckoning         Tloc           #.........   98%         3    ####...
 Poisonous Vapours        Pois/Air       #.....       87%         2    ###....
 Ignition                 Fire           #.........   100%        8    #######
 Borgnjor's Vile Clutch   Necr/Erth      #.........   100%        5    ######.


Dungeon Overview and Level Annotations

Branches:
Dungeon (15/15)            Temple (1/1) D:7            Lair (6/6) D:9
 Shoals (4/4) Lair:4       Spider (4/4) Lair:4          Orc (2/2) D:9
    Elf (0/3) Orc:2        Vaults (4/5) D:14          Crypt (0/3) Vaults:2
 Depths (5/5) D:15            Zot (5/5) Depths:5
  Slime: Lair:5-6

Altars:
Ashenzari
Cheibriados
Dithmenos
Elyvilon
Fedhas
Gozag
Hepliaklqana
Kikubaaqudgha
Makhleb
Nemelex Xobeh
Okawaru
Qazlal
Ru
Sif Muna
Trog
Uskayaw
Vehumet
Wu Jian
Xom
Yredelemnul
Zin
The Shining One
Jiyva

Shops:
D:9 *   D:13 !   Orc:2 ([=**   Vaults:1 ?   Vaults:2 (   Vaults:3 %
Depths:2 [   Depths:5 }=}

Portals:
Hell: Depths:1 Depths:2 Depths:3* Depths:4 Depths:5
Abyss: Depths:4
Pandemonium: Depths:1 Depths:2 Depths:3
Ziggurat: Depths:3

Annotations:
D:2 exclusion: 3 doors
Lair:4 3 runed doors, Semoacif's ghost, journeyman GnAE
Lair:6 exclusion: oklob plant
Shoals:2 1 runed door, Brozuf's ghost, adept TrMo
Spider:4 exclusion: Roxanne, Roxanne
Orc:1 1 runed door, Otelo's ghost, journeyman MiBe
Depths:1 3 runed doors, wisprabbit's ghost, adept MiBe
Depths:5 exclusions: 2 draconian stormcallers and 2 more exclusions


Innate Abilities, Weirdness & Mutations

You are small and have problems with some larger weapons.
You are somewhat resistant to further mutation.
You are partially covered in thin metallic scales. (AC +2)
Your body sometimes deteriorates upon taking damage.


Message History

Magic restored.
There is a stone staircase leading up here.
You climb upwards.
Level annotation: exclusion: 3 doors
There is a stone staircase leading down here.
Your extra speed is starting to run out.
You feel yourself slow down.
There is a stone staircase leading up here.
You climb upwards.
There is a stone staircase leading down, spattered with blood here.
There is an open door here.
There is a staircase leading out of the dungeon here.
Enter note:
Okay, then.
Evoke which item? (* to show all) (? for menu, Esc to quit)
Okay, then.
As you read the scroll of fog, it crumbles to dust.
The scroll dissolves into smoke.
Enter note: gg You have escaped!

.#..#..P.P.P.#..#
.#..#.P.P.P..#..#
.#..#..P...P.#..#
.#..#.P.P.P..#..#
.#..#..P.P...#..#
........P....#..#
............8##§#
.......#######§§##
............#.§§@#
♣♣..........'.§§§#
♣♣♣...#######§§##
♣♣♣♣♣ #### ## ###
.#######.##
..........#
.#######..# ...#
#..#


There were no monsters in sight!

Vanquished Creatures
  4 orbs of fire
  6 ancient liches
  A pandemonium lord (D:14)
  3 Killer Klowns (Zot:5)
  Margery (Depths:4)
  2 curse toes
  5 caustic shrikes (Depths:5)
  7 golden dragons
  2 electric golems (Zot:5)
  A Tzitzimitl (Zot:1)
  8 tentacled monstrosities
  6 liches
  2 titans
  4 quicksilver dragons
  25 Orb Guardians (Zot:5)
  An Executioner (D:10)
  2 sphinxes
  A kraken (Shoals:3)
  3 shadow dragons
  Kirke (Shoals:1)
  4 death cobs
  8 storm dragons
  A tentacled starspawn (Abyss:3)
  4 draconian monks
  12 fire giants
  2 iron dragons
  7 frost giants
  A draconian knight (Zot:3)
  2 deep elf sorcerers
  A tengu reaver (Vaults:3)
  A cacodemon (Depths:3)
  10 vault wardens
  7 ghost moths
  2 draconian scorchers
  3 draconian stormcallers
  5 emperor scorpions
  2 draconian annihilators
  3 ghouls
  31 very ugly things
  2 spriggan defenders (Depths:4)
  3 caustic shrike skeletons (Depths:1)
  16 stone giants
  5 entropy weavers
  15 ironheart preservers
  Nessos (Lair:6)
  8 green draconians
  4 vampire knights
  A deep elf demonologist (Depths:1)
  3 deep elf annihilators
  3 black draconians
  7 spark wasps
  5 white draconians
  19 purple draconians
  2 red draconians
  7 yellow draconians
  9 statues (WizLab)
  3 deep elf death magi
  4 merfolk javelineers
  2 blizzard demons
  4 crystal guardians
  8 ettins
  7 merfolk impalers
  2 jiangshi (Depths:2)
  14 fire dragons
  Erolcha (D:9)
  A deep elf high priest (Depths:3)
  7 vault guards
  20 yaktaur captains
  2 rakshasas
  8 hydras
  A monstrous demonspawn (Depths:3)
  9 great orbs of eyes
  A great orb of eyes (shapeshifter) (Abyss:3)
  17 ice dragons
  A hell beast (D:10)
  Harold (Lair:2)
  3 spriggan air magi
  7 centaur warriors
  A catoblepas (Lair:4)
  A juggernaut simulacrum (Depths:4)
  41 two-headed ogres
  7 death knights
  2 merfolk avatars (Shoals:4)
  4 merfolk aquamancers
  A death yak (shapeshifter) (Vaults:3)
  2 satyrs
  14 deep troll earth magi
  2 alligator snapping turtles (Shoals:4)
  16 deep troll shamans
  8 death scarabs (Spider:4)
  3 orc high priests (Orc:2)
  11 ogre magi
  2 thrashing horrors (Depths:2)
  7 tengu warriors
  2 spriggan berserkers (Depths:4)
  A vampire mage (Depths:2)
  7 deep elf knights
  A fire crab (shapeshifter) (Depths:3)
  A wretched star (Abyss:3)
  Nergalle (D:12)
  Sonja (Lair:1)
  25 skeletal warriors
  A salamander mystic (Depths:3)
  3 iron trolls
  2 shadow wraiths
  A sixfirhy (Abyss:3)
  7 hell knights (Depths:4)
  A spectral emperor scorpion (Spider:4)
  3 glowing orange brains
  4 flayed ghosts
  A spark wasp zombie (Depths:1)
  A torturous demonspawn (Depths:2)
  A golden dragon zombie (Depths:3)
  9 sea snakes
  9 unseen horrors (Abyss:3)
  A spatial maelstrom (Abyss:3)
  A storm dragon skeleton (Depths:1)
  37 deep trolls
  17 harpies
  2 harpies (shapeshifter)
  7 wizards
  3 spectral wolf spiders (Spider:4)
  8 ironbrand convokers
  An iron dragon zombie (Depths:1)
  A golden dragon skeleton (Depths:1)
  5 phantasmal warriors
  2 wolf spider zombies (Spider:4)
  5 deep elf archers
  A shadow dragon zombie (Depths:3)
  Pikel (D:7)
  9 orb spiders
  10 necromancers
  16 orc knights
  5 orc sorcerers
  33 ugly things
  25 wolf spiders
  9 fauns
  3 salamanders (Depths:3)
  2 tengu skeletons (Depths:1)
  2 sphinx skeletons (Depths:1)
  10 cyclopes
  12 elephants
  30 deep elf magi
  12 manticores
  8 merfolk sirens
  13 moths of wrath
  3 frost giant skeletons
  2 stone giant skeletons
  Maurice (D:8)
  2 fire giant skeletons
  12 water nymphs
  Joseph (D:8)
  A guardian serpent (shapeshifter) (Abyss:3)
  4 rust devils
  A titan simulacrum (Depths:1)
  10 vault sentinels
  A smoke demon (D:13)
  2 torpor snails
  4 centaur zombies
  5 molten gargoyles (D:14)
  2 gargoyles (D:14)
  4 black mambas
  Psyche (D:9)
  An orange demon (D:13)
  4 spectral redbacks (Spider:4)
  5 spiny frogs
  8 centaur skeletons
  7 rime drakes
  A komodo dragon (shapeshifter) (Vaults:4)
  11 komodo dragons
  60 yaktaurs
  A yaktaur skeleton (Vaults:3)
  An efreet (D:15)
  10 spriggan skeletons (Depths:1)
  A kobold demonologist (D:15)
  2 ice devils
  9 freezing wraiths
  3 redback zombies (Spider:4)
  20 demonic crawlers
  10 trolls
  18 merfolk
  A queen bee (shapeshifter) (Vaults:2)
  A tengu conjurer (Depths:3)
  A jumping spider (shapeshifter) (Vaults:4)
  16 hornets
  2 meliai (shapeshifter)
  27 jumping spiders
  4 polar bears
  3 meliai (D:14)
  A wind drake (shapeshifter) (Abyss:3)
  11 blink frogs
  2 spectral tarantellas (Spider:4)
  7 wind drakes
  Prince Ribbit (D:9)
  An iron dragon simulacrum (Depths:3)
  A polar bear (shapeshifter) (Abyss:3)
  18 slime creatures
  Grinder (D:6)
  3 tarantella zombies (Spider:4)
  A deep troll zombie (Depths:1)
  10 hippogriffs
  A raiju (Abyss:3)
  13 dream sheep
  2 jumping spider zombies (Spider:4)
  8 spectral jumping spiders (Spider:4)
  10 snapping turtles
  22 tarantellas
  14 flying skulls (Depths:1)
  A fire dragon skeleton (Depths:1)
  13 water elementals
  An ice dragon skeleton (Depths:1)
  A deep troll skeleton (Depths:1)
  An ettin skeleton (Depths:1)
  8 wraiths
  3 ynoxinuls
  12 spriggans
  11 wyverns
  An elf zombie (Depths:4)
  92 redbacks
  4 chaos spawn
  36 yaks
  3 hogs (Shoals:1)
  A human (Zot:3)
  11 basilisks
  3 hungry ghosts
  A neqoxec (Zot:5)
  A human simulacrum (Vaults:3)
  5 vampire mosquitoes
  A soldier ant (D:11)
  4 wargs
  A swamp worm (shapeshifter) (Abyss:3)
  Edmund (D:6)
  An insubstantial wisp (Abyss:3)
  3 acid dragons
  10 water moccasins
  3 hell hounds (Lair:4)
  2 floating eyes
  8 porcupines
  2 spectral hornets (Spider:4)
  28 orc warriors
  7 ice beasts
  4 human zombies
  4 black bears
  4 phantoms
  27 wolves
  6 sky beasts
  3 human skeletons
  28 ogres
  12 boggarts
  17 crocodiles
  13 centaurs
  5 big kobolds
  23 bullfrogs
  A gnoll sergeant (Orc:2)
  A wyvern zombie (D:12)
  8 scorpions
  A killer bee (D:4)
  3 wights (D:15)
  An orc simulacrum (Vaults:1)
  2 electric eels (Lair:6)
  7 howler monkeys
  12 crimson imps
  2 bullfrog zombies
  4 jellies
  5 quasits
  A wyvern simulacrum (D:14)
  8 hounds
  19 orc wizards
  3 bullfrog skeletons
  2 iron imps
  Ijyb (D:3)
  17 orc priests
  Jessica (D:3)
  4 iguanas
  11 worker ants
  A hound zombie (D:6)
  A hound skeleton (D:5)
  A worker ant zombie (D:10)
  6 gnolls
  12 adders
  7 shadow imps
  A white imp (Depths:3)
  2 ufetubi (Depths:3)
  An ooze (D:4)
  An adder skeleton (D:5)
  A worm (D:3)
  3 dart slugs
  6 leopard geckos
  75 orcs
  7 bats
  3 giant cockroaches
  13 goblins
  9 hobgoblins
  9 jackals
  13 kobolds
  4 quokkas
  2 ball pythons
  8 frilled lizards
  7 rats
  A butterfly (Lair:6)
  A fungus (Lair:5)
  A starspawn tentacle (Abyss:3)
  2 tentacles (Shoals:3)
2067 creatures vanquished.

Vanquished Creatures (others)
  A vault warden (Vaults:4)
  3 yaktaur captains
  A death knight (Vaults:2)
  A sea snake (Shoals:4)
  An ironbrand convoker (Vaults:3)
  2 yaktaurs
  A chaos spawn (D:5)
  Menkaure (D:7)
  A warg (Vaults:2)
  An orc warrior (Orc:2)
  4 centaurs
  A howler monkey (D:5)
  An adder (D:5)
  An orc (D:7)
  2 jackals (D:7)
  29 fungi
  3 lurking horrors (Abyss:3)
  24 plants
  A starspawn tentacle (Abyss:3)
  9 tentacles (Shoals:3)
88 creatures vanquished.

Grand Total: 2155 creatures vanquished

Notes
Turn   | Place    | Note
-------+----------+-------------------------------------------
     0 | D:1      | Flugkiller the Halfling Hunter began the quest for the Orb.
     0 | D:1      | Reached XP level 1. HP: 14/14 MP: 1/1
   160 | D:1      | Reached XP level 2. HP: 10/19 MP: 2/2
   550 | D:1      | Reached XP level 3. HP: 24/24 MP: 3/3
  1202 | D:2      | Reached XP level 4. HP: 30/30 MP: 4/4
  1254 | D:2      | Found a sacrificial altar of Ru.
  1860 | D:2      | Found a glowing golden altar of the Shining One.
  1860 | D:2      | Found a white marble altar of Elyvilon.
  1861 | D:2      | Found a basalt altar of Yredelemnul.
  2103 | D:2      | Found a sparkling altar of Nemelex Xobeh.
  2214 | D:2      | Reached XP level 5. HP: 36/36 MP: 5/5
  2439 | D:3      | Noticed a phantom
  2593 | D:3      | Killed a phantom
  2593 | D:3      | Reached XP level 6. HP: 25/42 MP: 6/6
  2619 | D:3      | Noticed Jessica
  2625 | D:3      | Killed Jessica
  3336 | D:3      | Reached XP level 7. HP: 28/47 MP: 7/7
  3521 | D:4      | Noticed Ijyb
  3660 | D:3      | Killed Ijyb
  3898 | D:4      | Found a blossoming altar of Fedhas.
  3950 | D:4      | Reached skill level 5 in Dodging
  4403 | D:5      | Entered Level 5 of the Dungeon
  4404 | D:5      | Found a shimmering altar of Xom.
  4702 | D:5      | Reached XP level 8. HP: 50/54 MP: 8/8
  5021 | D:5      | Reached skill level 5 in Fighting
  5770 | D:5      | Reached skill level 10 in Slings
  5945 | D:5      | Found a shimmering altar of Xom.
  5948 | D:5      | Found a burning altar of Makhleb.
  6315 | D:6      | Reached XP level 9. HP: 62/62 MP: 9/9
  6390 | D:6      | Reached skill level 1 in Armour
  6431 | D:6      | Noticed Grinder
  6448 | D:6      | Killed Grinder
  6448 | D:6      | Reached skill level 2 in Armour
  6551 | D:6      | Noticed Edmund
  6593 | D:6      | Killed Edmund
  6593 | D:6      | Reached skill level 3 in Armour
  7328 | D:6      | Found a bloodstained altar of Trog.
  7340 | D:6      | Found a snail-covered altar of Cheibriados.
  7681 | D:7      | Reached skill level 4 in Armour
  7890 | D:7      | Reached XP level 10. HP: 71/71 MP: 10/10
  8015 | D:7      | Reached skill level 5 in Armour
  8205 | D:7      | Noticed Pikel
  8262 | D:7      | Killed Pikel
  8262 | D:7      | Reached skill level 6 in Armour
  8416 | D:7      | Noticed Menkaure
  8728 | D:7      | Found a staircase to the Ecumenical Temple.
  8762 | D:7      | Killed Menkaure
  8892 | Temple   | Entered the Ecumenical Temple
  8929 | Temple   | Became a worshipper of Warmaster Okawaru
  9332 | D:7      | Found a staircase to the Ecumenical Temple.
  9635 | D:8      | Got a warped plate armour
  9894 | D:8      | Noticed Joseph
 10078 | D:8      | Reached skill level 7 in Armour
 10208 | D:8      | Noticed Maurice
 10263 | D:8      | Killed Maurice
 10513 | D:8      | Found a hazy altar of Hepliaklqana.
 10528 | D:8      | Found a stormy altar of Qazlal.
 10677 | D:8      | Killed Joseph
 10717 | D:8      | Reached * piety under Okawaru
 10781 | D:8      | Reached skill level 8 in Armour
 10975 | D:9      | Noticed Erolcha
 11080 | D:9      | Reached XP level 11. HP: 72/80 MP: 11/11
 11121 | D:9      | Noticed Psyche
 11150 | D:9      | Killed Psyche
 11242 | D:9      | Reached ** piety under Okawaru
 11254 | D:9      | Noticed Prince Ribbit
 11278 | D:9      | Killed Prince Ribbit
 11278 | D:9      | Reached skill level 9 in Armour
 11295 | D:9      | Found a staircase to the Lair.
 11770 | D:9      | Found a staircase to the Orcish Mines.
 11945 | D:9      | Found Mielunig's Serpentskin Sales.
 12015 | D:9      | Killed Erolcha
 12015 | D:9      | Reached *** piety under Okawaru
 12015 | D:9      | Reached skill level 10 in Fighting
 12140 | D:9      | Noticed a cyclops
 12157 | D:9      | Killed a cyclops
 12157 | D:9      | Reached skill level 10 in Armour
 12180 | D:9      | Found a radiant altar of Vehumet.
 12294 | D:9      | Identified the cursed +1 plate armour of the Shrike {Int+3} (You found it on level 8 of the Dungeon)
 12309 | Lair:1   | Entered Level 1 of the Lair of Beasts
 12657 | Lair:1   | Reached **** piety under Okawaru
 12665 | Lair:1   | Reached skill level 1 in Invocations
 12706 | Lair:1   | Received a gift from Okawaru
 13023 | Lair:1   | Reached XP level 12. HP: 53/88 MP: 14/14
 13204 | Lair:1   | Noticed a six-headed hydra
 13218 | Lair:1   | Killed a six-headed hydra
 13385 | Lair:1   | Noticed Sonja
 13395 | Lair:1   | Killed Sonja
 13395 | Lair:1   | Reached skill level 5 in Invocations
 13579 | Lair:2   | Reached skill level 11 in Armour
 13620 | Lair:2   | Noticed a four-headed hydra
 13840 | Lair:2   | Received a gift from Okawaru
 14200 | Lair:2   | Noticed Harold
 14223 | Lair:2   | Killed Harold
 14223 | Lair:2   | Reached ***** piety under Okawaru
 14248 | Lair:2   | Killed a four-headed hydra
 14248 | Lair:2   | Received a gift from Okawaru
 15074 | Lair:3   | Received a gift from Okawaru
 15648 | Lair:4   | Reached skill level 1 in Long Blades
 15831 | Lair:4   | Found a runed gate.
 15831 | Lair:4   | Found a runed gate.
 15831 | Lair:4   | Found a runed gate.
 15833 | Lair:4   | Noticed Semoacif's ghost (journeyman GnAE)
 15865 | Lair:4   | Reached XP level 13. HP: 85/93 MP: 19/19
 16183 | Lair:4   | Noticed a five-headed hydra
 16380 | Lair:3   | Received a gift from Okawaru
 16537 | Lair:4   | Noticed a catoblepas
 16548 | Lair:3   | Reached skill level 10 in Dodging
 16753 | Lair:4   | Killed a catoblepas
 16753 | Lair:4   | Reached skill level 5 in Long Blades
 16896 | Lair:4   | Found a staircase to the Shoals.
 17546 | Lair:4   | Noticed a seven-headed hydra
 17668 | Lair:4   | Killed a one-headed hydra
 17958 | Lair:4   | Found a hole to the Spider Nest.
 17977 | Lair:4   | Reached ****** piety under Okawaru
 19622 | Lair:6   | Entered Level 6 of the Lair of Beasts
 19634 | Lair:5   | Received a gift from Okawaru
 19749 | Lair:6   | Reached XP level 14. HP: 99/99 MP: 20/20
 20049 | Lair:6   | Reached skill level 10 in Long Blades
 20799 | Lair:6   | Got a spiked chain mail
 20800 | Lair:6   | Identified the +13 chain mail of the Fife {+Blink rF+ Str+4} (You found it on level 6 of the Lair of Beasts)
 21191 | Lair:6   | Received a gift from Okawaru
 21349 | Lair:6   | Noticed Nessos
 21380 | Lair:6   | Killed Nessos
 22375 | Lair:5   | Identified 2 scrolls of acquirement
 22477 | D:10     | Entered Level 10 of the Dungeon
 23704 | D:11     | Paralysed by a hornet for 1 turns
 24152 | D:12     | Received a gift from Okawaru
 24282 | D:12     | Noticed Nergalle
 24308 | D:12     | Killed Nergalle
 24308 | D:12     | Reached XP level 15. HP: 105/105 MP: 19/21
 25573 | D:13     | Found Sonirov's Distillery.
 26136 | D:13     | Reached skill level 1 in Shields
 26185 | D:13     | Received a gift from Okawaru
 26190 | D:13     | Got a pair of ancient gloves {god gift}
 26201 | D:13     | Identified the +0 pair of gloves "Evirghili" {Slay+5} (Okawaru gifted it to you on level 13 of the Dungeon)
 28114 | D:14     | Found a gate to the Vaults.
 28208 | D:15     | Entered Level 15 of the Dungeon
 28396 | D:14     | Received a gift from Okawaru
 28397 | D:14     | Got a pair of steaming gloves {god gift}
 28480 | D:14     | Identified the +0 pair of gloves of Parlour Games {rCorr Str+3} (Okawaru gifted it to you on level 14 of the Dungeon)
 28702 | D:15     | Reached XP level 16. HP: 112/112 MP: 22/22
 28731 | D:15     | Noticed a fire giant
 28761 | D:15     | Killed a fire giant
 28761 | D:15     | Reached skill level 12 in Armour
 28761 | D:15     | Reached skill level 5 in Shields
 28984 | D:15     | Found a staircase to the Depths.
 30409 | Orc:1    | Entered Level 1 of the Orcish Mines
 30658 | Orc:1    | Found a runed door.
 30660 | Orc:1    | Noticed Otelo's ghost (journeyman MiBe)
 30827 | Orc:2    | Entered Level 2 of the Orcish Mines
 30828 | Orc:2    | Found Lysuqu Neita's General Store.
 30831 | Orc:2    | Found a staircase to the Elven Halls.
 31695 | Orc:2    | Received a gift from Okawaru
 31893 | Orc:2    | Found Bum Wausiule's Jewellery Boutique.
 31893 | Orc:2    | Found Qoequzedd's General Store.
 31905 | Orc:2    | Found Sil Egga's Antique Armour Emporium.
 31905 | Orc:2    | Found Seguiq's Weapon Boutique.
 31934 | Orc:2    | Got a flickering tin amulet
 31935 | Orc:2    | Identified the amulet "Tasurr" {-Tele +Rage rPois rN+} (You acquired it on level 2 of the Orcish Mines)
 32274 | Spider:1 | Entered Level 1 of the Spider Nest
 32642 | Spider:1 | Reached skill level 13 in Armour
 32657 | Spider:1 | Received a gift from Okawaru
 33110 | Spider:1 | Received a gift from Okawaru
 33586 | Spider:1 | Reached XP level 17. HP: 33/119 MP: 2/23
 34448 | Spider:2 | Reached skill level 1 in Evocations
 35513 | Spider:2 | Received a gift from Okawaru
 36459 | Spider:4 | Entered Level 4 of the Spider Nest
 36821 | Spider:4 | Reached skill level 14 in Armour
 36987 | Spider:4 | Received a gift from Okawaru
 36994 | Spider:4 | Noticed Roxanne
 37593 | Spider:4 | Reached XP level 18. HP: 119/127 MP: 24/24
 37599 | Spider:4 | Reached skill level 15 in Long Blades
 37856 | Spider:4 | Paralysed by a hornet for 2 turns
 38345 | Spider:4 | Reached skill level 5 in Evocations
 38594 | Spider:4 | Received a gift from Okawaru
 38660 | Spider:4 | Got a gossamer rune of Zot
 38909 | Shoals:1 | Entered Level 1 of the Shoals
 38963 | Shoals:1 | Received a gift from Okawaru
 40189 | Shoals:1 | Noticed Kirke
 40219 | Shoals:1 | Killed Kirke
 41025 | Shoals:2 | Found a runed door.
 41028 | Shoals:2 | Noticed Brozuf's ghost (adept TrMo)
 42223 | Shoals:3 | Reached skill level 15 in Armour
 42223 | Shoals:3 | Reached skill level 15 in Dodging
 42396 | Shoals:3 | Reached XP level 19. HP: 77/135 MP: 25/25
 42918 | Shoals:3 | Reached XP level 20. HP: 142/142 MP: 26/26
 43496 | Shoals:3 | Received a gift from Okawaru
 43550 | Shoals:4 | Entered Level 4 of the Shoals
 43586 | Shoals:4 | Found a flickering gateway to a bazaar.
 43592 | Bazaar   | Entered a bazaar
 43594 | Bazaar   | Found Heruff's Assorted Antiques.
 43598 | Bazaar   | Found Xiotiowa's Magic Scroll Boutique.
 43598 | Bazaar   | Found Meistrac's Distillery.
 43598 | Bazaar   | Found Suddiz's Armour Boutique.
 43624 | Bazaar   | Bought a scroll of teleportation for 27 gold pieces
 43624 | Bazaar   | Bought a scroll of enchant weapon for 67 gold pieces
 43624 | Bazaar   | Bought a scroll of enchant weapon for 67 gold pieces
 43624 | Bazaar   | Bought a scroll of fog for 18 gold pieces
 43647 | Bazaar   | Bought a potion of experience for 450 gold pieces
 43647 | Bazaar   | Reached XP level 21. HP: 147/147 MP: 27/27
 44283 | Shoals:4 | Received a gift from Okawaru
 44996 | Shoals:4 | Found the +7 great mace "Undeadhunter" {disrupt, rN+}
 45523 | Shoals:3 | Received a gift from Okawaru
 46497 | Shoals:4 | Got a barnacled rune of Zot
 47091 | Vaults:1 | Entered Level 1 of the Vaults
 47207 | Vaults:1 | Found a magical portal.
 47219 | WizLab   | Entered Iskenderun's Mystic Tower
 47512 | WizLab   | Reached skill level 16 in Armour
 48099 | WizLab   | Received a gift from Okawaru
 48659 | WizLab   | Identified Iskenderun's Almanac of Conjuration
 48659 | WizLab   | Identified Iskenderun's Incunabulum of Blows and Bruises
 49016 | D:14     | Reached XP level 22. HP: 155/155 MP: 28/28
 49607 | Vaults:1 | Received a gift from Okawaru
 49636 | Vaults:1 | Reached skill level 17 in Armour
 49856 | Vaults:1 | Reached skill level 15 in Fighting
 49879 | Vaults:1 | Received a gift from Okawaru
 51200 | Vaults:1 | Found Harysigg's Magic Scroll Boutique.
 51218 | Vaults:1 | Bought a scroll of teleportation for 51 gold pieces
 51218 | Vaults:1 | Bought a scroll of fear for 59 gold pieces
 51218 | Vaults:1 | Bought a scroll of fog for 34 gold pieces
 51535 | Vaults:1 | Reached skill level 18 in Armour
 52430 | Vaults:2 | Found Oliqaf's Weapon Emporium.
 52449 | Vaults:2 | Received a gift from Okawaru
 52785 | Vaults:2 | Reached XP level 23. HP: 136/164 MP: 29/29
 52798 | Vaults:2 | Received a gift from Okawaru
 52829 | Vaults:2 | Reached skill level 19 in Armour
 53302 | Vaults:2 | Found a staircase to the Crypt.
 54374 | Vaults:3 | Reached skill level 20 in Armour
 55186 | Vaults:3 | Received a gift from Okawaru
 55883 | Vaults:3 | Found Piaczaph's Food Shop.
 56603 | Vaults:3 | Reached XP level 24. HP: 76/173 MP: 16/29
 57327 | Vaults:4 | Found a flickering gateway to a bazaar.
 57346 | Bazaar   | Entered a bazaar
 57346 | Bazaar   | Found Hocumep's Antique Weapon Shoppe.
 57346 | Bazaar   | Found Wyamifru's Magic Scroll Shoppe.
 57346 | Bazaar   | Found Syqisats's Gadget Boutique.
 57361 | Bazaar   | Bought a scroll of teleportation for 27 gold pieces
 57361 | Bazaar   | Bought a scroll of fear for 31 gold pieces
 57375 | Bazaar   | Found Gaelily's Antique Armour Emporium.
 57376 | Bazaar   | Found Utenisan's General Store.
 57413 | Bazaar   | Bought a scroll of brand weapon for 260 gold pieces
 57422 | Bazaar   | Bought a glowing cloak for 180 gold pieces
 57460 | Bazaar   | Bought a scroll of acquirement for 468 gold pieces
 58082 | Vaults:4 | Received a gift from Okawaru
 59191 | Vaults:4 | Reached skill level 21 in Armour
 59768 | Vaults:4 | Received a gift from Okawaru
 60089 | Depths:1 | Entered Level 1 of the Depths
 60113 | Depths:1 | Identified the +7 chain mail "Nuubrer" {+Inv} (You found it on level 1 of the Depths)
 60416 | Depths:1 | Found a runed gate.
 60421 | Depths:1 | Found a runed gate.
 60421 | Depths:1 | Found a viscous altar of Jiyva.
 60421 | Depths:1 | Found a runed gate.
 60421 | Depths:1 | Noticed wisprabbit's ghost (adept MiBe)
 60786 | Depths:1 | Found a gateway to Hell.
 60795 | Depths:1 | Found a one-way gate leading to the halls of Pandemonium.
 61283 | Depths:1 | Reached XP level 25. HP: 174/182 MP: 29/29
 61751 | Depths:2 | Received a gift from Okawaru
 61782 | Depths:2 | Got a faintly humming cloak {god gift}
 61783 | Depths:2 | Identified the +1 cloak of Gravitas {rN+} (Okawaru gifted it to you on level 2 of the Depths)
 61887 | Depths:2 | Found Joxky's Armour Emporium.
 63393 | Depths:2 | Found a shattered altar of Ashenzari.
 63559 | Depths:2 | Paralysed by a floating eye for 2 turns
 63903 | Depths:3 | Cast into level 3 of the Abyss (a wizard)
 64042 | Abyss:3  | Got an abyssal rune of Zot
 64078 | Depths:3 | Escaped the Abyss
 64087 | Depths:2 | Received a gift from Okawaru
 64519 | Depths:3 | Reached skill level 22 in Armour
 65069 | Depths:2 | Reached XP level 26. HP: 102/193 MP: 15/29
 65944 | Depths:3 | Got a scorched brass amulet
 65970 | Depths:3 | Identified the amulet of Untruth {Reflect Int+3 SH+2} (You took it off a deep elf high priest on level 3 of the Depths)
 65975 | Depths:3 | Identified Sif Muna's Disquisition on Unstable Moulding
 65980 | Depths:3 | Identified the cursed +1 scale mail "Cokhur" {MR+ Str+7 Dex-4 Stlth-} (You found it on level 3 of the Depths)
 66212 | Depths:3 | Received a gift from Okawaru
 66221 | Depths:3 | Identified the +3 scimitar of the Vaults {flame, +Blink rC+ Int-2 SInv} (You took it off a yaktaur captain on level 3 of the Depths)
 66517 | Depths:3 | Found a gateway to a ziggurat.
 67378 | Depths:4 | Received a gift from Okawaru
 67497 | Depths:4 | Noticed Margery
 67514 | Depths:4 | Killed Margery
 67740 | Depths:4 | Found a one-way gate to the infinite horrors of the Abyss.
 68187 | Depths:4 | Noticed an ancient lich
 68218 | Depths:4 | Killed an ancient lich
 68218 | Depths:4 | Received a gift from Okawaru
 68218 | Depths:4 | Reached XP level 27. HP: 105/203 MP: 14/29
 68644 | Depths:4 | Identified the +6 long sword "Naatutwu" {venom, Str+2} (Okawaru gifted it to you on level 4 of the Depths)
 69330 | Depths:5 | Entered Level 5 of the Depths
 69402 | Depths:5 | Reached skill level 23 in Armour
 70055 | Depths:5 | Received a gift from Okawaru
 70548 | Depths:5 | Found a gate to the Realm of Zot.
 71571 | Depths:5 | Found Nitida's Jewellery Boutique.
 71572 | Depths:5 | Found Jasobof's Gadget Shoppe.
 71580 | Depths:5 | Found Sistysue's Gadget Shoppe.
 71768 | Zot:1    | Entered Level 1 of the Realm of Zot
 74117 | Zot:3    | Noticed an orb of fire
 74133 | Zot:3    | Killed an orb of fire
 74133 | Zot:3    | Received a gift from Okawaru
 76211 | Zot:5    | Entered Level 5 of the Realm of Zot
 77055 | Zot:5    | Noticed an ancient lich
 77072 | Zot:5    | Killed an ancient lich
 77072 | Zot:5    | Received a gift from Okawaru
 77072 | Zot:5    | Reached skill level 24 in Armour
 77093 | Zot:5    | Noticed an ancient lich
 77103 | Zot:5    | Killed an ancient lich
 77124 | Zot:5    | Received a gift from Okawaru
 77196 | Zot:5    | Noticed an ancient lich
 77207 | Zot:5    | Killed an ancient lich
 77245 | Zot:5    | Noticed an ancient lich
 77253 | Zot:5    | Killed an ancient lich
 77466 | Zot:5    | Noticed an ancient lich
 77474 | Zot:5    | Killed an ancient lich
 77474 | Zot:5    | Received a gift from Okawaru
 77486 | Zot:5    | Received a gift from Okawaru
 77762 | Zot:5    | Paralysed by a Zot trap for 2 turns
 80081 | Zot:5    | Noticed an orb of fire
 80096 | Zot:5    | Gained mutation: You are frail. (-10% HP) [an orb of fire]
 80112 | Zot:5    | Killed an orb of fire
 80112 | Zot:5    | Received a gift from Okawaru
 80116 | Zot:5    | Identified the +8 chain mail "Azaogyos" {rPois rN++} (Okawaru gifted it to you on level 5 of the Realm of Zot)
 80149 | Zot:5    | Lost mutation: You are frail. (-10% HP) [potion of mutation]
 80149 | Zot:5    | Gained mutation: Your body sometimes deteriorates upon taking damage. [potion of mutation]
 80149 | Zot:5    | Gained mutation: You are partially covered in thin metallic scales. (AC +2) [potion of mutation]
 80895 | Zot:5    | Noticed an orb of fire
 80935 | Zot:5    | Killed an orb of fire
 81023 | Zot:5    | Noticed an orb of fire
 81038 | Zot:5    | Killed an orb of fire
 81038 | Zot:5    | Received a gift from Okawaru
 81057 | Zot:5    | Identified the +8 long sword "Weruok" {flame, rC+ Str+3} (Okawaru gifted it to you on level 5 of the Realm of Zot)
 81890 | Zot:5    | Got the Orb of Zot
 82088 | Depths:5 | Noticed Sehublatoi the pandemonium lord
 82300 | D:14     | Noticed Kuck the pandemonium lord
 82315 | D:14     | Killed Kuck the pandemonium lord
 82419 | D:10     | Noticed Heul Sail the pandemonium lord
 82569 | D:7      | Noticed Uqouvib the pandemonium lord
 82669 | D:4      | Noticed a seraph
 82808 | D:1      | gg
 82809 | D:$      | Escaped with the Orb!

Vault maps used:
D:1:      sevenhm_arrival_forest_fort_large_4
D:2:      hangedman_ru_absence, gammafunk_temple_overflow_claw,
          nemelex_altar_shiori, minmay_misc_feat_four_crosses
D:3:      grunt_ministairs_1, kennysheep_generic_room_10, uniq_jessica
D:4:      fedhas_altar_2, minmay_small_thing, uniq_ijyb
D:5:      cheibrodos_barr_body, grunt_temple_overflow_champion_of_chaos,
          first_ration, basic_altar, lemuel_flamethrower_2
D:6:      amethyst_overflow_temple_binary, uniq_edmund, uniq_grinder
D:7:      minmay_temple_entry_glassed_door, uniq_pikel, uniq_menkaure
D:8:      nicolae_qazlal_general_emergency, overflow_temple_1_default,
          blue_anna_alchemist, uniq_joseph, uniq_maurice
D:9:      kennysheep_mini_moat, erik_lair_orcish_takeover, orc_0_dummy,
          guppyfry_shop_venom, uniq_prince_ribbit1, uniq_erolcha, uniq_psyche
D:12:     uniq_nergalle
D:13:     serial_shops, nicolae_shop_statue_plus
D:14:     cheibrodos_statue_roulette, david_vaults_5, minmay_misc_feat_cross
D:15:     grunt_enter_depths_giant_problem, roderic_lattice_octagonal_star
Temple:   jpeg_temple_island
Lair:1:   infiniplex_staircase_pool_2, uniq_sonja
Lair:2:   minmay_stone_trees_small, infiniplex_staircase_pool, uniq_harold
Lair:4:   minmay_shoals_entry_hut, nicolae_spider_entry_orb_guardian,
          enter_volcano_3, gammafunk_ghost_split, special_room,
          small_statue_intersection, grunt_megastairs_4, lemuel_fruit_tree
Lair:5:   lemuel_fruit_fields
Lair:6:   minmay_lair_end_enchanted_forest, minmay_slime_entry_oklob_enclosed,
          lemuel_fruit_fields, serial_bayou_shore_a, serial_bayou_shore_b,
          lemuel_fruit_fields, uniq_nessos
Shoals:1: uniq_kirke
Shoals:2: ebering_ghost_inner_flame
Shoals:4: shoals_end_grunt_ice, serial_shops, bzr_entry_safe,
          nicolae_shoals_circle_sea_wall
Spider:3: guppyfry_spider_mini_1
Spider:4: floodkiller_spider_rune_tomb, nicolae_spider_nook, uniq_roxanne
Orc:1:    ebering_ghost_inner_flame
Orc:2:    grunt_orc_tribal_feast, serial_shops, shop
Vaults:1: hangedman_vaults_stretched_pinwheel, v_misc_13, vaults_dpeg_spiral,
          vaults_room_hallway, grunt_vaults_twisty,
          nicolae_vaults_border_crossing, vaults_dpeg_hooks, v_misc_11,
          nicolae_vaults_quadrants, v_misc_10, nicolae_vaults_theta,
          hangedman_vaults_stretched_pinwheel, serial_shops,
          nicolae_shop_waterfront, infiniplex_enter_wizlab_glasses
Vaults:2: minmay_crypt_entry_simple_box, hangedman_vaults_stream,
          ontoclasm_vaults_fault, vaults_room_octagon, v_rooms_3,
          vaults_room_semicircle, nicolae_vaults_back_hallway, v_alt_pattern_3,
          v_rooms_2, v_misc_23, grunt_vaults_funnel, hangedman_vaults_cutoff,
          v_misc_1, ontoclasm_vaults_ring_small, nicolae_vaults_angled_halls,
          serial_shops, nicolae_shop_stone
Vaults:3: v_pattern_5, v_misc_12, hangedman_vaults_nodes,
          nicolae_vaults_network_square, nicolae_vaults_alarming,
          nicolae_vaults_little_ls, hangedman_vaults_snaps,
          nicolae_vaults_asterisk, serial_shops, shop
Vaults:4: v_misc_26, v_misc_4, v_alt_pattern_4, nicolae_vaults_little_squares_2,
          nicolae_vaults_big_angled_halls, hangedman_vaults_stretched_pinwheel,
          vaults_mumra_minichess_inversion, vaults_standard_mumra_x,
          grunt_vaults_hallway_short, ontoclasm_vaults_chip,
          nicolae_vaults_little_squares_4, serial_shops, bzr_entry_gold
Depths:1: minmay_skeleton_keep, pan_entry, grunt_decor_arrowhead,
          gammafunk_ghost_ooze, hell_entry, serial_sigils_hangedman_confine,
          minmay_evil_grid
Depths:2: minmay_imperfect_grid, serial_shops, nicolae_shop_window_shopping,
          rand_demon_pan_entry_8, nicolae_ashenzari_panopticon, hell_entry
Depths:3: grunt_arcs, enter_ziggurat_f, grunt_pan_entry_sceptre,
          pf_hell_entry_great_geh, serial_column_ruins,
          column_ruins_portal_squares, column_ruins_hut_pillars,
          column_ruins_grid_1, column_ruins_corridor_straight,
          column_ruins_open_medium, column_ruins_corridor_water
Depths:4: minmay_sliced_demisemicircle, abyss_entry, grunt_metal_band
Depths:5: evilmike_zot_entry_argh, hell_entry, hangedman_decor_opposing,
          minmay_shop_grove, serial_bayou_shore_b
Zot:2:    st_stairs_4, basic_loot_grate_trap
Zot:3:    circus_mu
Zot:4:    ebering_ghost_disaster_area
Abyss:3:  bh_abyss_exit_grid, hangedman_grunt_abyss_rune_horror_hoard
Bazaar:   bazaar_minmay_cross, bazaar_lake
WizLab:   wizlab_iskenderun

Skill      XL: |  1  2  3  4  5  6  7  8  9 10 11 12 13 14 15 16 17 18 19 20 21 22 23 24 25 26 27 |
---------------+----------------------------------------------------------------------------------+-----
Fighting       | 2 3 4 5 7 9 10 11 12 13 14 15 16 17 19 20 23 | 23.7
Slings         | 6 7 8 9 10 11 12 14 | 14.0
Dodging        | 3 4 5 6 7 9 11 13 14 15 16 17 18 19 20 21 23 | 23.6
Armour         | 4 8 10 11 13 14 15 16 18 20 21 22 24 | 24.8
Invocations    | 3 8 |  8.4
Long Blades    | 2 9 12 14 15 16 | 16.0
Shields        | 4 5 8 |  8.1
Evocations     | 4 6 8 |  8.0
Stealth        | |  1.1

Action                   |  1- 3 |  4- 6 |  7- 9 | 10-12 | 13-15 | 16-18 | 19-21 | 22-24 | 25-27 || total
-------------------------+-------+-------+-------+-------+-------+-------+-------+-------+-------++-------
Melee: Short sword       |    22 |    64 |       |       |       |       |       |       |       ||    86
       Long sword        |       |       |       |    17 |   355 |     4 |       |       |       ||   376
       Punch             |       |       |       |       |     2 |       |       |       |       ||     2
       Scimitar          |       |       |       |       |    98 |   386 |   267 |  2026 |  1212 ||  3989
       Double sword      |       |       |       |       |       |   865 |       |       |       ||   865
 Fire: Hunting sling     |    74 |   192 |   569 |  1301 |   131 |       |       |       |       ||  2267
       Fustibalus        |       |       |       |       |  1198 |   254 |   629 |   395 |  1879 ||  4355
Invok: Heroism           |       |       |       |     2 |     6 |     3 |     1 |     1 |    13 ||    26
       Finesse           |       |       |       |       |     1 |     1 |       |       |    12 ||    14
Evoke: Wand              |       |       |     8 |     8 |     7 |     2 |       |     3 |     5 ||    33
       Fan of gales      |       |       |       |       |       |       |       |       |     1 ||     1
  Use: Scroll            |       |     3 |     8 |    14 |     6 |    17 |    11 |     9 |    29 ||    97
       Potion            |       |       |       |       |       |     1 |     2 |       |    20 ||    23
 Stab: Sleeping          |       |     2 |       |       |       |       |       |       |       ||     2
       Held in net/web   |       |       |       |       |       |     1 |       |       |       ||     1
       Invisible         |       |       |       |       |       |       |       |       |     2 ||     2
  Eat: Chunk             |     1 |     6 |     9 |    19 |    51 |    36 |    19 |    31 |    20 ||   192
       Ration            |       |       |     2 |     2 |       |     3 |       |     1 |    14 ||    22
Armor: Leather armour    |    11 |    16 |    18 |       |       |       |       |       |       ||    45
       Chain mail        |       |       |    42 |   279 |   549 |  1047 |   185 |   572 |   685 ||  3359
Dodge: Dodged            |    41 |   114 |   200 |   302 |   836 |  1806 |   383 |  1306 |  1857 ||  6845
Block: Buckler           |       |       |       |       |       |    68 |   199 |   708 |   785 ||  1760
       Reflection        |       |       |       |       |       |     8 |    12 |    43 |    23 ||    86
       Rpst.: Long sword |       |       |       |     2 |    93 |     1 |       |       |       ||    96
       Scimitar          |       |       |       |       |    15 |    63 |    55 |   280 |   191 ||   604
       Double sword      |       |       |       |       |       |   277 |       |       |       ||   277

Table legend:
 A = Spawn XP
 B = Non-spawn XP
 C = Spawn XP percentage of total XP
 D = Spawn monster count
 E = Non-spawn monster count
 F = Spawn count percentage of total count
 G = Total turns spent on level
                    A         B        C        D         E        F      G
               +---------+---------+-------+---------+---------+-------+---------
         Total |    3755 | 1308814 |   0.3 |       4 |    2056 |   0.2 | 82809
               +---------+---------+-------+---------+---------+-------+---------
           D:1 |       0 |      82 |   0.0 |       0 |      34 |   0.0 |  1438
           D:2 |       0 |      83 |   0.0 |       0 |      21 |   0.0 |   987
           D:3 |       0 |     390 |   0.0 |       0 |      24 |   0.0 |  1229
           D:4 |       0 |     268 |   0.0 |       0 |      18 |   0.0 |  1111
           D:5 |       0 |    1076 |   0.0 |       0 |      24 |   0.0 |  1802
           D:6 |       0 |    1296 |   0.0 |       0 |      25 |   0.0 |  1648
           D:7 |       0 |    2382 |   0.0 |       0 |      27 |   0.0 |  1646
           D:8 |       0 |    2149 |   0.0 |       0 |      21 |   0.0 |  1497
           D:9 |       0 |    4222 |   0.0 |       0 |      33 |   0.0 |  1287
          D:10 |       0 |    1457 |   0.0 |       0 |      14 |   0.0 |   834
          D:11 |       0 |    4306 |   0.0 |       0 |      29 |   0.0 |   823
          D:12 |       0 |    8151 |   0.0 |       0 |      41 |   0.0 |  1570
          D:13 |       0 |   10075 |   0.0 |       0 |      45 |   0.0 |  1712
          D:14 |       0 |   23139 |   0.0 |       0 |      55 |   0.0 |  2155
          D:15 |       0 |   18204 |   0.0 |       0 |      44 |   0.0 |  1520
        Lair:1 |       0 |    5958 |   0.0 |       0 |      25 |   0.0 |  1292
        Lair:2 |       0 |    4573 |   0.0 |       0 |      15 |   0.0 |   951
        Lair:3 |       0 |    4095 |   0.0 |       0 |      19 |   0.0 |  2121
        Lair:4 |       0 |   14993 |   0.0 |       0 |      48 |   0.0 |  3105
        Lair:5 |       0 |    8839 |   0.0 |       0 |      29 |   0.0 |  1578
        Lair:6 |       0 |   17342 |   0.0 |       0 |      76 |   0.0 |  2307
      Shoals:1 |       0 |   14596 |   0.0 |       0 |      35 |   0.0 |  1598
      Shoals:2 |       0 |    6067 |   0.0 |       0 |      10 |   0.0 |   995
      Shoals:3 |       0 |   26474 |   0.0 |       0 |      49 |   0.0 |  2828
      Shoals:4 |       0 |   30382 |   0.0 |       0 |      54 |   0.0 |  2064
      Spider:1 |       0 |   11583 |   0.0 |       0 |      31 |   0.0 |  1185
      Spider:2 |       0 |   25083 |   0.0 |       0 |      64 |   0.0 |  1921
      Spider:3 |       0 |   11233 |   0.0 |       0 |      33 |   0.0 |   767
      Spider:4 |       0 |   47486 |   0.0 |       0 |     120 |   0.0 |  2133
         Orc:1 |       0 |    2966 |   0.0 |       0 |      15 |   0.0 |   704
         Orc:2 |       0 |    8322 |   0.0 |       0 |      38 |   0.0 |  1005
      Vaults:1 |       0 |   63404 |   0.0 |       0 |      93 |   0.0 |  3202
      Vaults:2 |       0 |   80890 |   0.0 |       0 |     118 |   0.0 |  3067
      Vaults:3 |       0 |   62605 |   0.0 |       0 |      97 |   0.0 |  2776
      Vaults:4 |       0 |   58888 |   0.0 |       0 |      71 |   0.0 |  2021
      Depths:1 |       0 |   55126 |   0.0 |       0 |      85 |   0.0 |  1609
      Depths:2 |       0 |   74235 |   0.0 |       0 |      78 |   0.0 |  3448
      Depths:3 |       0 |   82961 |   0.0 |       0 |      93 |   0.0 |  1714
      Depths:4 |       0 |   95689 |   0.0 |       0 |      90 |   0.0 |  2469
      Depths:5 |       0 |   79612 |   0.0 |       0 |      49 |   0.0 |  3398
         Zot:1 |       0 |   34926 |   0.0 |       0 |      21 |   0.0 |  1598
         Zot:2 |       0 |    5606 |   0.0 |       0 |       5 |   0.0 |   139
         Zot:3 |       0 |   31972 |   0.0 |       0 |      14 |   0.0 |  1659
         Zot:4 |       0 |   19405 |   0.0 |       0 |      10 |   0.0 |   697
         Zot:5 |       0 |  205166 |   0.0 |       0 |      64 |   0.0 |  5228
       Abyss:3 |    3755 |   10071 |  27.2 |       4 |      20 |  16.7 |   175
        WizLab |       0 |   30986 |   0.0 |       0 |      32 |   0.0 |  1531
               +---------+---------+-------+---------+---------+-------+---------
